 Dungeon Crawl Stone Soup version 0.31-a0-1405-g2bb1a01664 (webtiles) character file.

Game seed: 3662060565287277511

3385 RepHenryClay the Cleaver (level 9, -13/65 HPs)
             Began as a Demonspawn Fighter on Dec 25, 2023.
             Was a Follower of Okawaru.
             Mangled by a warg (19 damage)
             ... on level 8 of the Dungeon.
             The game lasted 00:11:19 (8007 turns).

RepHenryClay the Cleaver (Demonspawn Fighter)       Turns: 8007, Time: 00:11:19

Health: -13/65     AC:  8    Str: 27    XL:     9   Next: 74%
Magic:  0/12       EV: 12    Int:  8    God:    Okawaru [*.....]
Gold:   476        SH: 13    Dex: 13    Spells: 4/8 levels left

rFire   . . .        a - +0 war axe
rCold   . . .        c - +1 buckler
rNeg    . . .        f - +0 scale mail
rPois   .            (helmet restricted)
rElec   .            (no cloak)
rCorr   .            (no gloves)
SInv    .            (no boots)
Will    +....        t - amulet of guardian spirit
Stlth   +            l - ring of willpower
HPRegen 0.30/turn    E - +6 ring of strength
MPRegen 0.13/turn

%: guardian spirit
@: heroic
A: horns 1, large bone plates 2, spiny 1, demonic magic 2
a: Renounce Religion, Heroism


You were on level 8 of the Dungeon.
You worshipped Okawaru.
Okawaru was aware of your devotion.
You visited 2 branches of the dungeon, and saw 10 of its levels.

You collected 476 gold pieces.

Inventory:

Hand Weapons
 a - a +0 war axe (weapon)
 b - a +0 spear of venom
 k - a +0 hand axe of flaming
Missiles
 p - a throwing net
 I - 7 poisoned darts (quivered)
Armour
 c - a +1 buckler (worn)
 f - a +0 scale mail (worn)
 L - a +2 leather armour of poison resistance
Jewellery
 l - a ring of willpower (left hand)
 q - an amulet of magic regeneration
 t - an amulet of guardian spirit (around neck)
 E - a +6 ring of strength (right hand)
 G - a ring of ice
Wands
 n - a wand of flame (30)
 s - a wand of digging (4)
 x - a wand of iceblast (20)
 C - a wand of polymorph (10)
 J - a wand of mindburst (20)
 K - a wand of light (12)
Scrolls
 j - 2 scrolls of brand weapon {unknown}
 m - 2 scrolls of identify {unknown}
 o - a scroll of immolation
 r - a scroll of amnesia {unknown}
 y - 2 scrolls of vulnerability {unknown}
 B - a scroll of enchant weapon {unknown}
 H - a scroll of fear {unknown}
Potions
 d - 3 potions of might
 e - a potion of ambrosia {unknown}
 g - 2 potions of resistance {unknown}
 h - 7 potions of curing
 i - 2 potions of attraction {unknown}
 u - 2 potions of heal wounds
 v - a potion of lignification {unknown}
 w - 2 potions of enlightenment {unknown}
 z - a potion of brilliance {unknown}
 A - a potion of berserk rage {unknown}
 D - a potion of mutation {unknown}
 F - a potion of invisibility {unknown}


   Skills:
 + Level 4.3(9.3) Fighting
 * Level 11.4(16.4) Axes
 + Level 4.5(9.5) Armour
 - Level 2.6(7.6) Shields
 - Level 5.0 Invocations


You had 4 spell levels left.
You knew the following spells:

 Your Spells              Type           Power      Damage    Failure   Level
a - Blink                 Tloc           0%         N/A       83%         2
b - Lesser Beckoning      Tloc           0%         N/A       83%         2

Your spell library contained the following spells:

 Spells                   Type           Power      Damage    Failure   Level
 Magic Dart               Conj           0%         1d3       69%         1
 Momentum Strike          Conj/Tloc      0%         3d8       83%         2
 Frozen Ramparts          Ice            0%         1d1       96%         3
 Inner Flame              Hex/Fire       0%         N/A       96%         3
 Flame Wave               Conj/Fire      0%         2d4       100%        4
 Leda's Liquefaction      Alch/Erth      0%         N/A       100%        4
 Petrify                  Alch/Erth      0%         N/A       100%        4
 Sticky Flame             Fire/Alch      0%         2d4       100%        4
 Metabolic Englaciation   Hex/Ice        0%         N/A       100%        5
 Summon Small Mammal      Summ           Unusable   N/A       N/A         1
 Call Imp                 Summ           Unusable   N/A       N/A         2
 Call Canine Familiar     Summ           Unusable   N/A       N/A         3
 Summon Guardian Golem    Hex/Summ       Unusable   N/A       N/A         3

Dungeon Overview and Level Annotations

Branches:
Dungeon (9/15)             Temple (1/1) D:4
   Lair: D:8-11         Orc: D:9-12

Altars:
Cheibriados
Dithmenos
Fedhas
Gozag
Hepliaklqana
Makhleb
Nemelex Xobeh
Okawaru
Qazlal
Ru
Sif Muna
Trog
Uskayaw
Vehumet
Wu Jian
Xom

Annotations:
D:4 3 runed translucent doors, MisterAzrael's ghost, amateur DEEn
D:6 2 transporters
D:7 1 runed translucent door, knightboat's ghost, novice OnCA
D:9 Maurice


Innate Abilities, Weirdness & Mutations

You have a pair of small horns on your head.
You are mostly covered in large bone plates. (SH +6)
You are partially covered in sharp spines.
Spells you cast may paralyse nearby enemies.


Message History

The orc priest mumbles some strange prayers to Beogh against you.
Beogh smites you! The warg bites you!
* * * LOW HITPOINT WARNING * * *
Huge Dmg: -34%(-22hp) hp: 40%(26hp)
The warg is struck by your spines. The warg bites you but does no damage.
The warg attacks as it pursues you! The warg bites you but does no damage.
There is a stone staircase leading up here.
You block the warg's attack.
The kobold unwields a +2 short sword of venom.
It stops dripping with poison.
The kobold wields a +0 sling.
The kobold shoots a sling bullet.
The sling bullet hits you.
* * * LOW HITPOINT WARNING * * *
You block the warg's attack.
You climb upwards.
Reactivating autopickup.
There is a stone staircase leading down here.
Damage: -5%(-3hp) hp: 37%(24hp) Welcome back, RepHenryClay the Demonspawn Fighter.
Okawaru says: Bring me glory in combat!
Press ? for a list of commands and other information.
You gain the combat prowess of a mighty hero.
You block the warg's attack.
You slash the warg!
The warg is heavily wounded.
The warg bites you!
* * * LOW HITPOINT WARNING * * *
Huge Dmg: -20%(-13hp) hp: 19%(12hp) Welcome back, RepHenryClay the Demonspawn Fighter.
Okawaru says: Bring me glory in combat!
Press ? for a list of commands and other information.
Okay, then.
Throw: 8 darts (poison)
Press: ? - help, Q - select action, (/) - cycle Shift-Dir - straight line, f - warg
Aim: a warg (heavily wounded, 55% to hit)
You throw a poisoned dart.
The poisoned dart closely misses the warg.
The warg bites you!
* * * LOW HITPOINT WARNING * * *
The warg bites you!!
You die...

### ###### ### #.# #.##.#
#.#### #.# ##.#..##
##.#.#####.##
###.....@######..#..##..##
#....####h)......###......
####.# ####......####....
#.# ##......###..... #.#
#.......##.....# #.#
##..............# ##.##
##............##.#
##...###.......#...####.#
##...........#####..## #.#


You could see a warg.

Vanquished Creatures
  Psyche (D:8)
  A troll (D:8)
  Grinder (D:3)
  Sigmund (D:3)
  2 water moccasins
  An ice beast (D:6)
  2 black bears
  A sky beast (D:7)
  2 ogres
  A phantom (D:5)
  2 kobold brigands
  2 bullfrogs
  2 scorpions
  5 wights
  A howler monkey (D:6)
  A bombardier beetle (D:5)
  A hound (D:6)
  3 orc priests
  A jelly (D:5)
  Ijyb (D:4)
  6 iguanas
  2 sleepcaps
  Natasha (twice) (D:3)
  3 orc wizards
  A hell rat (D:8)
  Robin (D:2)
  13 adders
  10 gnolls
  10 river rats (D:8)
  4 ufetubi (D:7)
  2 worms
  A dart slug (D:3)
  25 orcs
  6 bats
  6 endoplasms
  4 giant cockroaches (D:1)
  10 hobgoblins
  8 jackals
  26 kobolds
  14 quokkas
  7 ball pythons
  5 frilled lizards
  12 goblins
  27 rats
237 creatures vanquished.

Notes
Turn   | Place    | Note
-------+----------+-------------------------------------------
     0 | D:1      | RepHenryClay the Demonspawn Fighter began the quest for the
                  | Orb.
     0 | D:1      | Reached XP level 1. HP: 18/18 MP: 1/1
   123 | D:1      | Reached skill level 2 in Axes
   218 | D:1      | Gained mutation: Spells you cast may paralyse adjacent
                  | enemies. [demonic ancestry]
   218 | D:1      | Reached XP level 2. HP: 24/24 MP: 2/2
   379 | D:1      | Reached skill level 3 in Axes
   510 | D:1      | Gained mutation: Spells you cast may paralyse nearby
                  | enemies. [demonic ancestry]
   510 | D:1      | Reached XP level 3. HP: 29/29 MP: 3/3
  1040 | D:2      | Noticed Robin
  1063 | D:2      | Killed Robin
  1064 | D:2      | Reached skill level 4 in Axes
  1064 | D:2      | Reached XP level 4. HP: 18/35 MP: 4/4
  1727 | D:3      | Noticed Natasha
  1733 | D:3      | Killed Natasha
  1861 | D:3      | Gained mutation: You have a pair of small horns on your
                  | head. [demonic ancestry]
  1861 | D:3      | Reached XP level 5. HP: 41/41 MP: 5/5
  1935 | D:3      | Noticed Sigmund
  1953 | D:3      | Killed Sigmund
  1954 | D:3      | Reached skill level 6 in Axes
  1954 | D:3      | Gained mutation: You are partially covered in large bone
                  | plates. (SH +4) [demonic ancestry]
  1954 | D:3      | Reached XP level 6. HP: 23/47 MP: 6/6
  2076 | D:3      | Noticed Grinder
  2089 | D:3      | Killed Grinder
  2250 | D:3      | Reached skill level 7 in Axes
  2276 | D:3      | Gained mutation: You are partially covered in sharp spines.
                  | [demonic ancestry]
  2276 | D:3      | Reached XP level 7. HP: 52/52 MP: 7/7
  2534 | D:4      | Found a staircase to the Ecumenical Temple.
  2546 | Temple   | Entered the Ecumenical Temple
  2555 | D:4      | Found a runed translucent gate.
  2556 | D:4      | Found a runed translucent gate.
  2557 | D:4      | Found a runed translucent gate.
  2559 | D:4      | Noticed MisterAzrael's ghost (amateur DEEn)
  2739 | D:3      | Noticed Natasha
  2764 | D:3      | Killed Natasha
  2974 | D:3      | You fall into a shaft and drop 3 floors!
  3113 | D:6      | Reached skill level 8 in Axes
  3203 | D:5      | Entered Level 5 of the Dungeon
  3337 | D:4      | Reached XP level 8. HP: 55/58 MP: 8/8
  3413 | D:4      | Noticed Ijyb
  3423 | D:4      | Killed Ijyb
  3544 | D:4      | Reached skill level 9 in Axes
  3643 | D:4      | Noticed a +0 hand axe
  3643 | D:4      | Noticed a +0 dagger
  3645 | D:4      | Found a hide-covered altar of Uskayaw.
  3992 | D:4      | Learned a level 2 spell: Blink
  4418 | D:5      | Reached skill level 10 in Axes
  4786 | D:6      | Found a transporter.
  4797 | D:6      | Noticed a kobold demonologist
  4950 | D:6      | Found a transporter.
  4955 | D:6      | Noticed a kobold demonologist
  5495 | D:7      | Found a shadowy altar of Dithmenos.
  5501 | D:7      | Found a blossoming altar of Fedhas.
  5512 | D:7      | Found a stormy altar of Qazlal.
  5522 | D:7      | Identified the +0 flail "Fyuceeda" {holy, *Noise rPois
                  | Stlth+}
  5538 | D:7      | Found a hazy altar of Hepliaklqana.
  5539 | D:7      | Found an opulent altar of Gozag.
  5539 | D:7      | Found an iron altar of Okawaru.
  5540 | D:7      | Found an ornate altar of the Wu Jian Council.
  5547 | D:7      | Became a worshipper of Warmaster Okawaru
  5584 | D:7      | Gained mutation: You are mostly covered in large bone
                  | plates. (SH +6) [demonic ancestry]
  5584 | D:7      | Reached XP level 9. HP: 63/63 MP: 9/9
  5590 | D:7      | Reached skill level 1 in Invocations
  5756 | D:7      | Found a runed translucent door.
  5757 | D:7      | Noticed a freezing wraith
  5759 | D:7      | Noticed knightboat's ghost (novice OnCA)
  6383 | D:7      | Reached skill level 5 in Invocations
  6645 | D:8      | Learned a level 2 spell: Lesser Beckoning
  7041 | D:8      | Reached skill level 11 in Axes
  7458 | D:8      | Noticed a troll
  7474 | D:8      | Killed a troll
  7474 | D:8      | Reached * piety under Okawaru
  7627 | D:8      | Noticed Psyche
  7635 | D:8      | Killed Psyche
  7987 | D:9      | Noticed Maurice
  8007 | D:8      | Mangled by a warg

Illustrated notes

Levels and vault maps discovered:
D:1:      dpeg_cavernosity, layout_basic, serial_forest,
          infiniplex_forest_corner_1, infiniplex_forest_clump_tiny,
          infiniplex_forest_straight_3, infiniplex_forest_lined_4_way,
          infiniplex_forest_corner_2, infiniplex_forest_clump_cross,
          infiniplex_forest_straight_4, infiniplex_forest_lined_3
D:2:      layout_loops_cross, minmay_between, uniq_robin
D:3:      lemuel_castle_with_subvaults [lemuel_castle_interior_carwin_3],
          layout_loops_corners, amethyst_killhole, uniq_sigmund, uniq_grinder,
          uniq_natasha
D:4:      layout_basic, dancing_weapons_uskayaw, minmay_temple_entry_ruins,
          gammafunk_ghost_nasty_kobolds, hangedman_decor_lopped, uniq_ijyb
D:5:      layout_cave_pools, old_standard_altar, serial_column_ruins,
          column_ruins_open_tiny, column_ruins_columns_straight,
          column_ruins_open_medium, column_ruins_open_tiny_water,
          column_ruins_columns_T, st_stairs_12
D:6:      gammafunk_wand_slinger, layout_basic, serial_corexii_hall,
          corexii_hall_statues_deadend, chequers_hall_statues_y
D:7:      layout_basic, nicolae_overflow_macrodata_refinement,
          chequers_temple_overflow_statue_of_worship, ebering_ghost_inner_flame
D:8:      lemuel_ratsnest, layout_layer_cave, uniq_psyche
D:9:      layout_basic, gammafunk_temple_of_torment,
          mainiacjoe_overflow_alcove_1, erik_orc_4, blue_anna_alchemist,
          uniq_maurice
Temple:   kb_temple_of_zot

Skill      XL: |  1  2  3  4  5  6  7  8  9 |
---------------+----------------------------+-----
Axes           | 2 3 4 6 7 8 10 11 | 11.4
Armour         | 3 4 |  4.5
Invocations    | 5 |  5.0
Fighting       | 4 |  4.3
Shields        | |  2.6

Action                     |  1- 3 |  4- 6 |  7- 9 || total
---------------------------+-------+-------+-------++-------
  Melee: War axe           |   125 |     8 |   138 ||   271
         Spear             |       |   104 |   307 ||   411
         Headbutt          |       |     6 |    96 ||   102
         Unarmed           |       |       |     2 ||     2
  Throw: Dart              |       |       |     4 ||     4
 Invoke: Heroism           |       |       |     2 ||     2
    Use: Potion            |       |     1 |     1 ||     2
         Scroll            |       |       |     3 ||     3
 Armour: Scale mail        |    76 |    42 |   154 ||   272
  Dodge: Dodged            |    72 |    28 |    88 ||   188
  Block: Buckler           |    26 |    14 |   172 ||   212

Table legend: (Time is in decaauts)
 A = Elapsed time spent in this place.
 B = Non-inter-level travel time spent in this place.
 C = Inter-level travel time spent in this place.
 D = Time resting spent in this place.
 E = Time spent auto-exploring this place.
 F = Levels seen in this place.
 G = Mean time per level.
                   A        B        C        D        E       F      G
               +--------+--------+--------+--------+--------+-----+--------+
         Total |   7998 |   7847 |    151 |    161 |   6335 |  10 |  799.8 |
       Dungeon |   7996 |   7845 |    151 |    161 |   6335 |   9 |  888.4 |
        Temple |      1 |      1 |      0 |      0 |      0 |   1 |    1.0 |
               +--------+--------+--------+--------+--------+-----+--------+

Top non-repeatable levels by time:
     D:8: 1475 daAuts
     D:4: 1109 daAuts
     D:6: 1057 daAuts
     D:3: 988 daAuts
     D:1: 975 daAuts
     D:7: 940 daAuts
     D:2: 732 daAuts
     D:5: 640 daAuts
     D:9: 76 daAuts
  Temple: 1 daAuts
